 Dungeon Sprint DCSS version 0.26-a0-658-gbdda728c12 (webtiles) character file.

Game seed: 66020208823500623

136 sahdkjhfkaj the Digger (level 5, -6/24 HPs)
             Began as a Vine Stalker Earth Elementalist on Oct 4, 2020.
             Was a Believer of Vehumet.
             Mangled by an orc warrior
             ... wielding a +0 long sword
              (12 damage)
             ... in the Dungeon (Sprint VII: "The Pits").
             The game lasted 00:02:13 (477 turns).

sahdkjhfkaj the Digger (VSEE)                        Turns: 477, Time: 00:02:17

Health: -6/24      AC:  2    Str: 10    XL:     5   Next: 19%
Magic:  0/15       EV: 12    Int: 16    God:    Vehumet [**....]
Gold:   0          SH:  0    Dex: 15    Spells: 9/18 levels left

rFire    . . .     SeeInvis .   n - +2 long sword (holy)
rCold    . . .     Faith    .   (no shield)
rNeg     . . .     Spirit   +   c - +0 robe
rPois    .         Reflect  .   (no helmet)
rElec    .         Harm     .   (no cloak)
rCorr    .         Rampage  .   (no gloves)
MR       .....     NoTele   +   (no boots)
Stlth    ++........             (no amulet)
HPRegen  0.48/turn              (no ring)
MPRegen  0.14/turn              (no ring)

@: very slightly contaminated, invisible
A: fangs 2, regeneration 1, magic shield, antimagic bite, no potion heal 3, rot
immunity
a: Renounce Religion


You were in the Dungeon.
You worshipped Vehumet.
Vehumet was pleased with you.
You visited 1 branch

Inventory:

Hand Weapons
 n - a +2 long sword of holy wrath (weapon)
Missiles
 b - 26 stones (quivered)
Armour
 c - a +0 robe (worn)
Scrolls
 h - a scroll of blinking
 j - 3 scrolls of remove curse
 k - 5 scrolls of amnesia
 l - a scroll of summoning
 m - 2 scrolls of vulnerability
Potions
 d - 6 potions of curing
 e - a potion of haste
 f - 4 potions of magic
 g - 2 potions of berserk rage
 i - a potion of invisibility


   Skills:
 - Level 1.5 Dodging
 - Level 2.4 Stealth
 + Level 7.3 Spellcasting
   Level 1.0 Transmutations
 + Level 7.6 Earth Magic


You had 9 spell levels left.
You knew the following spells:

 Your Spells              Type           Power        Failure   Level
a - Sandblast             Erth           ####..       1%          1
e - Lee's Rapid Deconstr  Erth           ####......   14%         5
s - Stone Arrow           Conj/Erth      ###...       8%          3

Your spell library contained the following spells:

 Spells                   Type           Power        Failure   Level
 Magic Dart               Conj           #...         12%         1
 Passwall                 Tmut/Erth      ###.....     3%          2
 Petrify                  Tmut/Erth      ###.....     21%         4


Dungeon Overview and Level Annotations

Branches:
Dungeon (1/1)

Altars:
Ashenzari
Cheibriados
Dithmenos
Elyvilon
Fedhas
Gozag
Hepliaklqana
Kikubaaqudgha
Makhleb
Nemelex Xobeh
Okawaru
Qazlal
Ru
Sif Muna
Trog
Uskayaw
Vehumet
Wu Jian
Xom
Yredelemnul
Zin
The Shining One
Beogh
Jiyva
Lugonu

Annotations:
D Edmund


Innate Abilities, Weirdness & Mutations

You have extremely sharp teeth.
Your natural rate of healing is unusually fast.
When hurt, damage is shared between your health and your magic reserves.
Your bite disrupts and absorbs the magic of your enemies.
Potions cannot restore your health.
You are immune to rotting.


Message History

The orc barely misses you.
You hit the orc but do no damage. Your bite misses the orc.
Edmund hits you with a +1 flail of protection.
The orc hits you.
You barely miss the orc. The orc hits you but does no damage.
Edmund hits you but does no damage. The orc barely misses you.
Okay, then.
Unknown command.
Okay, then.
You fade into invisibility!
Edmund hits you with a +1 flail of protection.
The orc barely misses you.
You are very lightly contaminated with residual magic.
You hit the orc.
The orc is moderately wounded.
Edmund hits you with a +1 flail of protection.
* * * LOW HITPOINT WARNING * * *
The orc warrior hits you with a +0 long sword!
Ouch! That really hurt!
You die...

############ #_________.#
#_________.#
#_______...###########++##
##########'##.............
#....')))'.##......#).#...
##########o##.............
#......oo@@)'o...........÷
#'#####'#####......#..#...
#.#.....#!.##.............
#@#.....#))#####'#####++##
#o###'###))##.......#
#.#.....#))##.......#
#o#...†.#[[##.......#
#.####'##'###...<...#
#.#..†.....##.......#


You could see Edmund, an orc warrior and 3 orcs.

Vanquished Creatures
  A water moccasin (D)
  2 river rats (D)
  An ufetubus (D)
  An orc (D)
  A giant cockroach (D)
  A hobgoblin (D)
  A bat (D)
  A frilled lizard (D)
  A rat (D)
10 creatures vanquished.

Notes
Turn   | Place    | Note
-------+----------+-------------------------------------------
     0 | D        | sahdkjhfkaj the Vine Stalker Earth Elementalist began the
                  | quest for the Orb.
     0 | D        | Reached XP level 1. HP: 9/9 MP: 4/4
    50 | D        | Found a bloodstained altar of Trog.
    50 | D        | Found a shimmering blue altar of Sif Muna.
    50 | D        | Found a viscous altar of Jiyva.
    50 | D        | Found a hazy altar of Hepliaklqana.
    50 | D        | Found an opulent altar of Gozag.
    51 | D        | Found a glowing golden altar of the Shining One.
    51 | D        | Found a glowing silver altar of Zin.
    51 | D        | Found a basalt altar of Yredelemnul.
    51 | D        | Found a shimmering altar of Xom.
    51 | D        | Found an ornate altar of the Wu Jian Council.
    51 | D        | Found a sacrificial altar of Ru.
    51 | D        | Found a stormy altar of Qazlal.
    51 | D        | Found an iron altar of Okawaru.
    51 | D        | Found a sparkling altar of Nemelex Xobeh.
    51 | D        | Found a burning altar of Makhleb.
    51 | D        | Found a blossoming altar of Fedhas.
    51 | D        | Found a white marble altar of Elyvilon.
    51 | D        | Found a shadowy altar of Dithmenos.
    51 | D        | Found a snail-covered altar of Cheibriados.
    52 | D        | Found a radiant altar of Vehumet.
    52 | D        | Found a corrupted altar of Lugonu.
    52 | D        | Found a roughly hewn altar of Beogh.
    53 | D        | Found a hide-covered altar of Uskayaw.
    53 | D        | Found an ancient bone altar of Kikubaaqudgha.
    53 | D        | Found a broken altar of Ashenzari.
    64 | D        | Became a worshipper of Vehumet
   104 | D        | Reached XP level 2. HP: 8/13 MP: 1/7
   233 | D        | Reached * piety under Vehumet
   233 | D        | Offered knowledge of Shock by Vehumet.
   234 | D        | Reached skill level 5 in Earth Magic
   234 | D        | Reached XP level 3. HP: 16/16 MP: 6/10
   270 | D        | Noticed a water moccasin
   274 | D        | Reached ** piety under Vehumet
   301 | D        | Learned a level 3 spell: Stone Arrow
   308 | D        | Killed a water moccasin
   308 | D        | Gained mutation: Your natural rate of healing is unusually
                  | fast. [Vine Stalker growth]
   308 | D        | Reached XP level 4. HP: 15/21 MP: 7/14
   308 | D        | Reached XP level 5. HP: 18/24 MP: 7/15
   405 | D        | Learned a level 5 spell: Lee's Rapid Deconstruction
   414 | D        | Noticed Edmund
   416 | D        | Noticed an orc warrior
   461 | D        | Offered knowledge of Magic Dart by Vehumet.
   469 | D        | Noticed a warg
   477 | D        | Mangled by an orc warrior

Illustrated notes

Levels and vault maps discovered:
D:        pitsprint [storerooms_1, entrance_room_1, metal_vault_4, armoury_1,
          mini_pit_1, grid_room_1, main_hall_1, silver_pit, the_coven_3,
          the_vestibule_1, steel_vault_2, golden_pit, hallway_of_sentries,
          crystal_vault_2, iron_vault_5, final_vault]

Skill      XL: |  1  2  3 |
---------------+----------+-----
Spellcasting   | 3 4 7 |  7.3
Earth Magic    | 4 5 7 |  7.6
Dodging        | |  1.5
Stealth        | |  2.4
Transmutations | |  1.0

Action                   |  1- 3 |  4- 6 || total
-------------------------+-------+-------++-------
Melee: Falchion          |     2 |     1 ||     3
       Bite              |     1 |       ||     1
       Long sword        |       |     3 ||     3
 Cast: Sandblast         |    14 |       ||    14
       Stone Arrow       |     1 |       ||     1
       Lee's Rapid Decon |       |     2 ||     2
  Use: Potion            |     1 |     1 ||     2
Armor: Robe              |       |     2 ||     2
Dodge: Dodged            |     7 |     9 ||    16
       Rpst.: Falchion   |     2 |     1 ||     3
       Long sword        |       |     1 ||     1

Table legend: (Time is in decaauts)
 A = Elapsed time spent in this place.
 B = Non-inter-level travel time spent in this place.
 C = Inter-level travel time spent in this place.
 D = Time resting spent in this place.
 E = Time spent auto-exploring this place.
 F = Levels seen in this place.
 G = Mean time per level.
                   A        B        C        D        E       F      G
               +--------+--------+--------+--------+--------+-----+--------+
         Total |    487 |    467 |     20 |    207 |      0 |   1 |  487.0 |
       Dungeon |    487 |    467 |     20 |    207 |      0 |   1 |  487.0 |
               +--------+--------+--------+--------+--------+-----+--------+

Top non-repeatable levels by time:
       D: 487 daAuts
